 Dungeon Crawl Stone Soup version 0.16-b1 (webtiles) character file.

955 cachaos the Shield-Bearer (level 8, 0/70 HPs)
             Began as a Hill Orc Fighter on Mar 15, 2015.
             Was an Initiate of Beogh.
             Slain by an orc warrior
             ... wielding a +0 trident
              (9 damage)
             ... on level 6 of the Dungeon.
             The game lasted 01:10:02 (6269 turns).

cachaos the Shield-Bearer (Hill Orc Fighter)        Turns: 6269, Time: 01:10:02

Health: 0/70       AC: 14    Str: 21    XL:     8   Next: 14%
Magic:  8/8        EV:  5    Int:  8    God:    Beogh [......]
Gold:   119        SH: 10    Dex: 10    Spells: 0 memorised, 7 levels left

rFire  . . .     SeeInvis .     M - +1 trident (venom)
rCold  . . .     Clarity  .     K - +0 plate armour
rNeg   . . .     SustAb   +     c - +0 shield
rPois  .         Gourm    .     (no helmet)
rElec  .         Spirit   .     (no cloak)
rCorr  .         Warding  .     (no gloves)
rMut   .         Stasis   .     E - +0 pair of boots
MR     .....                    (no amulet)
Stlth  ..........               L - ring of sustain abilities
                                y - ring of wizardry

@: lethally poisoned (0 -> -1), very slightly contaminated, not resistant to
hostile enchantments, extremely unstealthy
A: no striking features
a: Renounce Religion


You were on level 6 of the Dungeon.
You worshipped Beogh.
Beogh was noncommittal.
You were not hungry.

You visited 1 branch of the dungeon, and saw 6 of its levels.

You collected 295 gold pieces.
You spent 176 gold pieces at shops.

Inventory:

Hand weapons
 a - a +0 war axe
 f - a +0 halberd
 i - a +0 dagger
 m - a +1 short sword of electrocution
 p - a +0 halberd
 s - a +0 spear
 G - a +0 hunting sling
 M - a +1 trident of venom (weapon)
Missiles
 g - 23 stones (quivered)
 n - 14 poisoned needles
 C - 2 javelins
 N - 4 tomahawks of returning
Armour
 b - a +0 scale mail
 c - a +0 shield (worn)
 h - a +0 scale mail
 t - a +1 chain mail
 E - a +0 pair of boots (worn)
 K - a +0 plate armour (worn)
Jewellery
 y - a ring of wizardry (left hand)
 L - a ring of sustain abilities (right hand)
Magical devices
 x - a wand of enslavement (0)
Scrolls
 r - 2 scrolls of magic mapping
 u - a scroll of enchant armour
 w - 3 scrolls of identify
 A - 2 scrolls of remove curse
 H - 2 scrolls of summoning {unknown}
Potions
 e - 2 potions of might
 k - a potion of ambrosia {unknown}
 o - a potion of brilliance {unknown}
 q - 3 potions of flight
 v - 2 potions of degeneration {unknown}
 z - a potion of mutation {unknown}
 B - a potion of lignification {unknown}
 J - a potion of curing {unknown}
Comestibles
 d - 3 meat rations
 j - 4 bread rations
 O - a beef jerky


   Skills:
 + Level 5.8 Fighting
 + Level 5.7 Axes
 + Level 0.8 Throwing
 + Level 5.9 Armour
 + Level 2.2 Dodging
 + Level 6.0 Shields


You had 7 spell levels left.
You didn't know any spells.

Dungeon Overview and Level Annotations

Branches:
Dungeon (6/15)
 Temple: D:4-7

Altars:
Fedhas
Sif Muna
Trog
Xom

Shops:
D:4 %![

Annotations:
D:5 Zapata's ghost, experienced KoBe


Message History

You feel sick.
You feel sick.
You flicker back into view.
You open the door.
A black bear comes into view.
You feel sick.
The orc shouts!
The black bear growls angrily.
Press: ? - help, v - describe, . - travel
Here: a black bear The floor.
Evoke which item? (* to show all) (? for menu, Esc to quit)
Zapping:
x - a wand of enslavement {zapped: 3} (will waste charges)
Press: ? - help, Shift-Dir - straight line, f - orc warrior
Aim: an orc warrior, wielding a trident and wearing a chain mail (chance 46%)
The orc warrior resists with some effort.
Evoking this partially-identified wand wasted a few charges.
The orc warrior barely misses you.
You close the door.
You feel sick.
The orc warrior hits you from afar with a trident!
You die...

... #.# ### #.# . #.#
# # #.# ##+ #.###?#.#
.... ......#.#######
...........o........#
.....h.######.#
.......+@.oo..#
.......######## .....
####


You could see an orc warrior and an orc.

Vanquished Creatures
  An ice beast (D:5)
  An ogre (D:4)
  A centaur (D:5)
  A giant frog (D:6)
  A scorpion (D:6)
  A jelly (D:6)
  A hound (D:5)
  3 orc wizards
  A gnoll shaman (D:4)
  An orc priest (D:6)
  3 worker ants
  Jessica (D:2)
  13 adders
  6 gnolls (D:4)
  A giant mite (D:4)
  2 worms
  An adder zombie (D:6)
  2 giant geckos (D:3)
  2 oozes (D:3)
  9 orcs
  12 bats
  A bat skeleton (D:5)
  7 giant cockroaches
  8 hobgoblins
  2 jackals (D:4)
  10 kobolds
  A ball python (D:2)
  6 giant newts
  4 goblins
  3 quokkas
  6 rats
112 creatures vanquished.

Vanquished Creatures (others)
  An orc priest (D:5)
1 creature vanquished.

Grand Total: 113 creatures vanquished

Notes
Turn   | Place    | Note
--------------------------------------------------------------
     0 | D:1      | cachaos, the Hill Orc Fighter, began the quest for the Orb.
     0 | D:1      | Reached XP level 1. HP: 19/19 MP: 1/1
     0 | D:1      | Noticed a troll skeleton
     0 | D:1      | Noticed a troll skeleton
     1 | D:1      | Noticed a draconian skeleton
     1 | D:1      | Noticed a vine stalker skeleton
     5 | D:1      | Noticed a draconian skeleton
     7 | D:1      | Noticed a centaur skeleton
     9 | D:1      | Noticed a minotaur skeleton
    14 | D:1      | Noticed a troll skeleton
    14 | D:1      | Noticed a centaur skeleton
    16 | D:1      | Noticed a merfolk skeleton
    18 | D:1      | Noticed a draconian skeleton
    20 | D:1      | Noticed a human skeleton
    20 | D:1      | Noticed a centaur skeleton
   112 | D:1      | Reached XP level 2. HP: 16/27 MP: 2/2
   951 | D:2      | Reached skill level 4 in Fighting
   995 | D:2      | Found a blossoming altar of Fedhas.
  1002 | D:2      | Reached XP level 3. HP: 19/33 MP: 3/3
  1675 | D:2      | Noticed Jessica
  1682 | D:2      | Killed Jessica
  1682 | D:2      | Reached skill level 1 in Dodging
  1682 | D:2      | Reached XP level 4. HP: 40/40 MP: 4/4
  1888 | D:2      | Found a shimmering altar of Xom.
  1902 | D:2      | Found a deep blue altar of Sif Muna.
  2335 | D:3      | Reached XP level 5. HP: 47/47 MP: 5/5
  3401 | D:4      | Found Ennunwi's Antique Armour Boutique.
  3515 | D:4      | Found Kashouca's Distillery.
  3522 | D:4      | Bought a potion of invisibility for 88 gold pieces
  3522 | D:4      | Bought a potion of flight for 33 gold pieces
  3522 | D:4      | Bought a potion of heal wounds for 55 gold pieces
  3610 | D:4      | Reached XP level 6. HP: 42/53 MP: 6/6
  3851 | D:4      | Noticed an ogre
  3879 | D:4      | Killed an ogre
  4488 | D:4      | Found Blowecou's Food Boutique.
  4606 | D:4      | Reached skill level 5 in Fighting
  4622 | D:4      | Reached XP level 7. HP: 53/61 MP: 7/7
  4632 | D:4      | Reached skill level 5 in Armour
  4636 | D:4      | Reached skill level 5 in Shields
  4797 | D:5      | Entered Level 5 of the Dungeon
  4802 | D:5      | Noticed Zapata's ghost (experienced KoBe)
  4952 | D:5      | Reached skill level 5 in Axes
  5408 | D:5      | Became a worshipper of Beogh the Brigand
  5572 | D:5      | You fall through a shaft!
  5633 | D:6      | Reached XP level 8. HP: 31/69 MP: 8/8
  6075 | D:6      | Found a bloodstained altar of Trog.
  6134 | D:6      | Reached skill level 6 in Shields
  6269 | D:6      | Slain by an orc warrior

Action                   |  1- 3 |  4- 6 |  7- 9 || total
-------------------------+-------+-------+-------++-------
Melee: War axe           |   101 |   205 |    96 ||   402
       Trident           |       |       |    50 ||    50
 Fire: Hunting sling     |       |     1 |       ||     1
Throw: Stone             |       |     3 |     9 ||    12
       Javelin           |       |     2 |       ||     2
       Throwing net      |       |       |     1 ||     1
Invok: Convert to Beogh  |       |       |     1 ||     1
Evoke: Wand              |       |       |     1 ||     1
  Use: Scroll            |     5 |     5 |     7 ||    17
       Potion            |       |     4 |     4 ||     8
  Eat: Meat ration       |     1 |     1 |     2 ||     4
       Fruit             |       |     1 |       ||     1
